 Dungeon Crawl Stone Soup version 0.22-b1-26-g9dbaab1112 (webtiles) character file.

4693 Pisosu the Basher (level 10, -6/86 HPs)
             Began as a Minotaur Fighter on Aug 9, 2018.
             Was a Believer of Trog.
             Mangled by a shadow wraith (14 damage)
             ... on level 2 of the Abyss.
             The game lasted 00:22:06 (6435 turns).

Pisosu the Basher (Minotaur Fighter)                Turns: 6435, Time: 00:22:07

Health: -6/86      AC: 18    Str: 24    XL:     10   Next: 21%
Magic:  10/10      EV:  6    Int:  5    God:    Trog [**....]
Gold:   431        SH: 12    Dex: 10    Spells: 9/9 levels left

rFire    . . .     SeeInvis .   j - +3 mace
rCold    . . .     Gourm    .   c - +0 shield
rNeg     . . .     Faith    .   H - +0 plate armour (curse)
rPois    .         Spirit   .   (helmet restricted)
rElec    .         Reflect  .   y - +0 cloak
rCorr    .         Harm     .   (no gloves)
MR       +++..                  (no boots)
Stlth    ..........             (no amulet)
HPRegen  1.24/turn              x - ring of protection from magic
MPRegen  0.12/turn              l - +3 ring of protection

@: berserk cooldown, regenerating, slowed, very slow
A: retaliatory headbutt, horns 2
a: Berserk, Trog's Hand, Renounce Religion


You were on level 2 of the Abyss.
You worshipped Trog.
Trog was pleased with you.
You were hungry.

You visited 2 branches of the dungeon, and saw 8 of its levels.
You visited the Abyss 1 time.

You collected 431 gold pieces.

Inventory:

Hand Weapons
 j - a +3 mace (weapon)
 w - a +0 blowgun
Missiles
 h - 5 tomahawks (quivered)
 n - 44 poisoned needles
 K - 7 javelins of penetration
 L - 7 throwing nets
Armour
 b - a +0 scale mail
 c - a +0 shield (worn)
 y - a +0 cloak (worn)
 H - a cursed +0 plate armour (worn)
Jewellery
 l - a +3 ring of protection (right hand)
 m - an uncursed ring of protection from fire
 r - a cursed amulet of rage {unknown}
 x - a ring of protection from magic (left hand)
 E - a +4 ring of dexterity
 G - a +3 ring of protection
Wands
 e - a wand of acid (10)
 A - a wand of random effects (9)
 I - a wand of enslavement (10)
Scrolls
 a - a scroll of magic mapping {unknown}
 g - a scroll of fog
 i - 2 scrolls of fear {unknown}
 k - 2 scrolls of enchant armour {unknown}
 p - 2 scrolls of enchant weapon
 s - 2 scrolls of teleportation {unknown}
 u - a scroll of silence {unknown}
 z - a scroll of remove curse
 F - a scroll of identify
 J - 2 scrolls of blinking {unknown}
Potions
 d - 2 potions of might
 o - 5 potions of curing
 q - a potion of agility {unknown}
 t - 2 potions of lignification {unknown}
 v - a potion of cancellation {unknown}
 B - a potion of haste {unknown}
 C - a potion of degeneration {unknown}
 D - 3 potions of flight {unknown}
 M - a potion of heal wounds {unknown}
Comestibles
 f - 9 rations


   Skills:
 + Level 7.6 Fighting
   Level 0.9(7.0) Axes
 + Level 10.9 Maces & Flails
 + Level 9.6 Armour
 + Level 9.4 Shields
 - Level 1.5 Evocations


You had 9 spell levels left.
You didn't know any spells.
Your spell library contained the following spells:

 Spells                   Type           Power        Failure   Level  Hunger
 Magic Dart               Conj           #...         100%        1    ##.....
 Conjure Flame            Conj/Fire      #.......     100%        3    ####...
 Slow                     Hex            #.......     100%        2    ###....
 Mephitic Cloud           Conj/Pois/Air  #.......     100%        3    ####...
 Blink                    Tloc           N/A          100%        2    ###....
 Call Imp                 Summ           #.......     100%        2    ###....


Dungeon Overview and Level Annotations

Branches:
Dungeon (7/15)             Temple (1/1) D:5

Altars:
Ashenzari
Cheibriados
Dithmenos
Elyvilon
Fedhas
Gozag
Hepliaklqana
Kikubaaqudgha
Makhleb
Nemelex Xobeh
Okawaru
Qazlal
Ru
Sif Muna
Trog
Uskayaw
Vehumet
Wu Jian
Xom
Yredelemnul
Zin
The Shining One

Shops:
D:7 :


Innate Abilities, Weirdness & Mutations

You reflexively headbutt those who attack you in melee.
You have a pair of horns on your head.


Message History

You sock the ice devil!
The ice devil is almost dead.
You are too berserk!
You closely miss the ice devil. You headbutt the ice devil.
You kill the ice devil!
Trog accepts your kill.
You feel a strong urge to attack something.
Something hits you but does no damage.
You closely miss something. You hit something. Your headbutt misses something.
Something hits you!
* * * LOW HITPOINT WARNING * * *
Something drains your vigour!
You feel yourself slow down.
You sock something!
You are no longer berserk.
You are exhausted.
You feel as though you will be slow longer.
Your skin crawls.
You feel resistant to hostile enchantments.
You feel somewhat more hungry. Something hits you!
You die...

...
.4.###
####
..#..
#..# . #
##@.#
.#§§##{#
#. §§
§..# ##
.#4#§§###
# .
§§§§§..#
# . #. ##
§#... #
#..##.#
#. #. # #
. #..#.##
##. #.
... #
....#. .


There were no monsters in sight!

Vanquished Creatures
  Harold (D:7)
  A large abomination (Abyss:2)
  An ice devil (Abyss:2)
  Prince Ribbit (D:7)
  Grinder (D:3)
  A hippogriff (D:7)
  Sigmund (D:3)
  A hungry ghost (D:7)
  Duvessa (D:6)
  An orc warrior (D:6)
  A sky beast (D:5)
  2 phantoms
  2 ogres
  Blork the orc (D:6)
  A bullfrog (D:6)
  A gnoll sergeant (D:7)
  Dowan (D:6)
  A scorpion (D:4)
  5 wights (D:6)
  3 howler monkeys
  2 electric eels (D:7)
  A bullfrog zombie (D:3)
  4 orc priests
  3 hounds
  Crazy Yiuf (D:2)
  2 gnoll shamans (D:7)
  3 jellies
  An orc wizard (D:7)
  2 bullfrog skeletons
  4 worker ants
  A small abomination (Abyss:2)
  2 hound skeletons
  16 gnolls (D:7)
  11 adders
  A shadow imp (D:5)
  An ooze (D:4)
  2 worms
  A dart slug (D:3)
  7 leopard geckos
  16 orcs
  3 ball pythons
  7 giant cockroaches
  7 goblins
  10 hobgoblins
  A jackal (D:7)
  5 kobolds
  4 quokkas
  6 bats
  2 frilled lizards
  A quokka skeleton (D:4)
  5 rats
160 creatures vanquished.

Vanquished Creatures (others)
  A jackal (D:7)
1 creature vanquished.

Grand Total: 161 creatures vanquished

Notes
Turn   | Place    | Note
-------+----------+-------------------------------------------
     0 | D:1      | Pisosu the Minotaur Fighter began the quest for the Orb.
     0 | D:1      | Reached XP level 1. HP: 19/19 MP: 0/0
   147 | D:1      | Reached XP level 2. HP: 24/27 MP: 1/1
   906 | D:2      | Found a faded altar of an unknown god.
  1074 | D:2      | Reached XP level 3. HP: 33/33 MP: 2/2
  1322 | D:2      | Reached skill level 3 in Maces & Flails
  1322 | D:2      | Reached XP level 4. HP: 40/40 MP: 3/3
  1787 | D:3      | Reached skill level 5 in Armour
  1787 | D:3      | Reached XP level 5. HP: 47/47 MP: 4/4
  1821 | D:3      | Found a snail-covered altar of Cheibriados.
  1922 | D:3      | Noticed Grinder
  1929 | D:3      | Paralysed by Grinder for 3 turns
  1939 | D:3      | Paralysed by Grinder for 3 turns
  1942 | D:3      | Killed Grinder
  1942 | D:3      | Reached skill level 5 in Maces & Flails
  1942 | D:3      | Reached skill level 5 in Shields
  1942 | D:3      | Reached XP level 6. HP: 9/55 MP: 5/5
  2339 | D:3      | Reached skill level 5 in Fighting
  2484 | D:3      | Found a runed door.
  2488 | D:3      | Noticed Crazy Yiuf
  2488 | D:3      | Noticed Sigmund
  2514 | D:2      | Killed Crazy Yiuf
  2552 | D:3      | Killed Sigmund
  2552 | D:3      | Reached XP level 7. HP: 60/61 MP: 6/6
  2659 | D:3      | Reached skill level 6 in Maces & Flails
  2782 | D:4      | Reached skill level 7 in Maces & Flails
  2995 | D:4      | Reached XP level 8. HP: 68/70 MP: 7/7
  3034 | D:4      | Found an iron altar of Okawaru.
  3209 | D:5      | Entered Level 5 of the Dungeon
  3355 | D:5      | Found a staircase to the Ecumenical Temple.
  3495 | Temple   | Entered the Ecumenical Temple
  3629 | Temple   | Became a worshipper of Trog the Wrathful
  3946 | D:6      | Reached skill level 8 in Maces & Flails
  3956 | D:6      | Noticed Duvessa
  3956 | D:6      | Noticed Dowan
  3968 | D:6      | Killed Duvessa
  3980 | D:6      | Killed Dowan
  4039 | D:6      | Noticed Blork the orc
  4049 | D:6      | Killed Blork the orc
  4245 | D:6      | Found a blossoming altar of Fedhas.
  4269 | D:6      | Reached skill level 9 in Maces & Flails
  4269 | D:6      | Reached XP level 9. HP: 46/78 MP: 8/8
  4761 | D:7      | Reached * piety under Trog
  4807 | D:7      | Noticed Prince Ribbit
  4916 | D:7      | Killed Prince Ribbit
  5435 | D:7      | Noticed Harold
  5457 | D:7      | Killed Harold
  5457 | D:7      | Reached skill level 10 in Maces & Flails
  5457 | D:7      | Reached skill level 1 in Evocations
  5566 | D:7      | Found a white marble altar of Elyvilon.
  5653 | D:7      | Found a shadowy altar of Dithmenos.
  5654 | D:7      | Found a glowing golden altar of the Shining One.
  5654 | D:7      | Found a snail-covered altar of Cheibriados.
  5654 | D:7      | Found a deep blue altar of Sif Muna.
  5654 | D:7      | Found an opulent altar of Gozag.
  5656 | D:7      | Found a burning altar of Makhleb.
  5658 | D:7      | Found a stormy altar of Qazlal.
  5728 | D:7      | Found Wasu Roh's Book Shop.
  6189 | D:7      | Reached ** piety under Trog
  6315 | D:7      | Cast into level 2 of the Abyss (gnoll sergeant)
  6356 | Abyss:2  | Reached XP level 10. HP: 86/86 MP: 10/10
  6361 | Abyss:2  | Noticed a large abomination
  6390 | Abyss:2  | Noticed a tentacled starspawn
  6422 | Abyss:2  | Killed a large abomination
  6435 | Abyss:2  | Mangled by a shadow wraith

Skill      XL: |  1  2  3  4  5  6  7  8  9 |
---------------+----------------------------+-----
Armour         | 4 5 6 7 9 |  9.6
Shields        | 4 5 6 7 9 |  9.4
Fighting       | 4 5 6 7 |  7.6
Maces & Flails | 3 5 7 9 10 | 10.9
Evocations     | 1 |  1.5
Axes           | |  0.9

Action                   |  1- 3 |  4- 6 |  7- 9 | 10-12 || total
-------------------------+-------+-------+-------+-------++-------
Melee: Flail             |    21 |       |       |       ||    21
       Headbutt          |     7 |     6 |    59 |     3 ||    75
       Mace              |    51 |    73 |   281 |    24 ||   429
       Hand axe          |       |       |    33 |       ||    33
Throw: Javelin           |     5 |    26 |    54 |       ||    85
       Tomahawk          |       |       |     5 |       ||     5
Invok: Berserk           |       |       |       |     1 ||     1
       Trog's Hand       |       |       |       |     1 ||     1
Evoke: Wand              |       |       |    12 |       ||    12
  Use: Scroll            |       |       |     6 |     1 ||     7
  Eat: Chunk             |     1 |     4 |    12 |       ||    17
       Ration            |       |       |     1 |       ||     1
Armor: Scale mail        |    26 |    25 |    62 |       ||   113
       Plate armour      |       |       |    63 |     7 ||    70
Dodge: Dodged            |    17 |    18 |    69 |     3 ||   107
Block: Shield            |    38 |    39 |   167 |     6 ||   250
